 Dungeon Crawl Stone Soup version 0.31-a0-675-g238779eb0a (webtiles) character file.

Game seed: 5378980548437054623

70 qw the Shooter (level 4, -4/28 HPs)
             Began as a Gargoyle Hunter on Sept 5, 2023.
             Slain by a gnoll
             ... wielding a +0 halberd of venom
              (6 damage)
             ... on level 2 of the Dungeon.
             The game lasted 00:00:25 (690 turns).

qw the Shooter (Gargoyle Hunter)                     Turns: 690, Time: 00:00:26

Health: -4/28      AC: 10    Str: 14    XL:     4   Next: 22%
Magic:  4/4        EV: 11    Int: 10    God:
Gold:   83         SH:  0    Dex: 15    Spells: 3/3 levels left

rFire   . . .        Y - +0 shortbow
rCold   . . .        (shield currently unavailable)
rNeg    + . .        c - +0 leather armour
rPois   inf          (no helmet)
rElec   +            (no cloak)
rCorr   .            (no gloves)
SInv    .            (no boots)
Will    .....        (no amulet)
Stlth   ++           l - +4 ring of protection
HPRegen 0.24/turn    (no ring)
MPRegen 0.09/turn

%: no passive effects
@: no status effects
A: sickness immunity, AC +3, negative energy resistance 1, electricity
resistance, torment resistance 1, petrification resistance
a: no special abilities


You were on level 2 of the Dungeon.
You visited 1 branch of the dungeon, and saw 2 of its levels.

You collected 83 gold pieces.


Innate Abilities, Weirdness & Mutations

You are immune to sickness and miasma.
Your stone body is resilient. (AC +3)
You are immune to poison.
You resist negative energy. (rN+)
You are resistant to electric shocks. (rElec)
You are resistant to unholy torment.
You are immune to petrification.


   Skills:
 - Level 3.0 Fighting
 + Level 5.2 Ranged Weapons
 - Level 1.5 Dodging
 - Level 1.1 Stealth


You had 3 spell levels left.
You didn't know any spells.
Your spell library was empty.

Inventory:

Hand Weapons
 Y - a +0 shortbow (weapon)
Armour
 c - a +0 leather armour (worn)
Jewellery
 l - a +4 ring of protection (left hand)
Scrolls
 a - a scroll of enchant weapon {unknown}
Potions
 d - a potion of heal wounds {unknown}
 f - a potion of invisibility {unknown}
 g - 2 potions of curing {unknown}
 h - a potion of mutation {unknown}
 i - a potion of haste {unknown}

Dungeon Overview and Level Annotations

Branches:
Dungeon (2/15)

Altars:


Message History

The gnoll is heavily wounded.
The gnoll hits you but does no damage.
The gnoll hits you from afar with a +0 halberd of venom!
You shoot an arrow. The arrow barely misses the gnoll. x2
The arrow hits the gnoll.
The gnoll is heavily wounded.
The gnoll closely misses you. x2
You shoot an arrow. The arrow closely misses the gnoll.
The arrow hits the gnoll.
The gnoll is severely wounded.
The gnoll hits you with a +0 flail!
You shoot an arrow.
The arrow hits the gnoll but does no damage.
You shoot an arrow. The arrow hits the gnoll.
You kill the gnoll!
Your Fighting skill increases to level 3!
You have reached level 4!
You feel clever.
You shoot an arrow. The arrow barely misses the gnoll.
The arrow completely misses the gnoll.
The gnoll closely misses you. x2
You shoot an arrow. The arrow hits the gnoll.
The gnoll is moderately wounded.
The gnoll barely misses you. x2; The gnoll hits you but does no damage.
You shoot an arrow. The arrow hits the gnoll.
The gnoll is heavily wounded.
The gnoll closely misses you. The gnoll barely misses you.
You shoot an arrow. The arrow hits the gnoll!
You kill the gnoll!
The gnoll hits you from afar with a +0 halberd of venom!
A jackal comes into view.
You shoot an arrow. The jackal barks!
The arrow hits the gnoll but does no damage.
The gnoll is lightly wounded.
You hear a bark! x2
The gnoll closely misses you.
You shoot an arrow. The arrow hits the gnoll.
The gnoll is lightly wounded.
The gnoll hits you from afar with a +0 halberd of venom.
You die...

. .. ##### ...####
#...# ..... #.#.# #...
#.#.# #...#####.#.#
..+...hgg)@.#.# #
P........#####.###...#
........%............#
:$P..###.#####.......#
..... #...# ######.##
.... #..#.# # ..P
#.##.# ..g ... #.#
#### #.###


You could see 2 gnolls and a jackal.

Vanquished Creatures
  2 gnolls (D:2)
  2 adders
  A dart slug (D:1)
  A ball python (D:1)
  3 endoplasms
  A giant cockroach (D:1)
  4 goblins (D:1)
  4 hobgoblins
  A quokka (D:1)
  3 bats (D:1)
  3 frilled lizards (D:1)
  4 kobolds
  A rat (D:1)
30 creatures vanquished.

Notes
Turn   | Place    | Note
-------+----------+-------------------------------------------
     0 | D:1      | qw the Gargoyle Hunter began the quest for the Orb.
     0 | D:1      | Reached XP level 1. HP: 12/12 MP: 1/1
     0 | D:1      | 0 ||| qw: Version: 0.3-a-75-g829b12e
     0 | D:1      | 0 ||| qw: Game counter: 208
     0 | D:1      | 0 ||| qw: Melee chars always use a shield: true
     0 | D:1      | 0 ||| qw: God list: Okawaru
     0 | D:1      | 0 ||| qw: Allow faded altars: false
     0 | D:1      | 0 ||| qw: Do Orc after clearing Dungeon:15 true
     0 | D:1      | 0 ||| qw: Do second Lair branch before Depths: true
     0 | D:1      | 0 ||| qw: Lair rune preference: random
     0 | D:1      | 0 ||| qw: Goals: Normal
     0 | D:1      | 0 ||| PLANNING D:1-11
    70 | D:1      | Reached XP level 2. HP: 17/17 MP: 2/2
   394 | D:1      | Reached XP level 3. HP: 21/21 MP: 3/3
   515 | D:1      | 515 ||| UPGRADING to +4 ring of protection.
   516 | D:1      | 516 ||| READING scroll labelled ASUNKA DEBIUQE.
   521 | D:1      | 521 ||| READING scroll labelled OSKEPALEWNU.
   522 | D:1      | 522 ||| READING scroll labelled GAESA MADGHIAF.
   523 | D:1      | 523 ||| DROPPING scroll of butterflies.
   548 | D:2      | 548 ||| STAIRDANCE
   563 | D:1      | Reached skill level 5 in Ranged Weapons
   573 | D:2      | 573 ||| STAIRDANCE
   671 | D:2      | 671 ||| RETREATING.
   677 | D:2      | 677 ||| Stepping ~*~*~tactically~*~*~ (retreating).
   678 | D:2      | 678 ||| Stepping ~*~*~tactically~*~*~ (retreating).
   682 | D:2      | HP: 5/22 [gnoll/+0 flail (9)]
   685 | D:2      | Reached skill level 3 in Fighting
   685 | D:2      | Reached XP level 4. HP: 7/28 MP: 4/4
   688 | D:2      | HP: 1/28 [gnoll/+0 halberd of venom (7)]
   690 | D:2      | Slain by a gnoll

Levels and vault maps discovered:
D:1:      co_arrival_square_in_a_square_in_a_square, layout_rooms,
          serial_curves, eino_curves_03, eino_curves_01, eino_curves_04
D:2:      layout_basic, kennysheep_pointless_box, st_stairs_10,
          minmay_misc_feat_plants

Skill      XL: |  1  2  3 |
---------------+----------+-----
Ranged Weapons | 5 |  5.2
Fighting       | 3 |  3.0
Dodging        | |  1.5
Stealth        | |  1.1

Action                     |  1- 3 |  4- 6 || total
---------------------------+-------+-------++-------
   Fire: Shortbow          |   101 |     6 ||   107
    Use: Scroll            |     3 |       ||     3
 Armour: Leather armour    |    28 |     3 ||    31
  Dodge: Dodged            |    19 |     7 ||    26

Table legend:
 A = Non-vault XP
 B = Vault XP
 C = Vault XP percentage of total XP
 D = Non-vault monster count
 E = Vault monster count
 F = Vault count percentage of total count
                 A         B        C        D         E       F
            +---------+---------+-------+---------+---------+-------
      Total |      98 |       3 |   3.0 |      28 |       2 |   6.7
            +---------+---------+-------+---------+---------+-------
        D:1 |      52 |       1 |   1.9 |      23 |       1 |   4.2
        D:2 |      46 |       2 |   4.2 |       5 |       1 |  16.7
            +---------+---------+-------+---------+---------+-------
